 Dungeon Crawl Stone Soup version 0.24.0-37-gcf1ca852f1 (webtiles) character file.

Game seed: 9150644600850922045, levelgen mode: deterministic

273 McKennaii the Chopper (level 6, -3/48 HPs)
             Began as a Demonspawn Fighter on Nov 26, 2019.
             Killed from afar by an orc wizard (7 damage)
             ... with a puff of flame
             ... on level 3 of the Dungeon.
             The game lasted 00:05:59 (2749 turns).

McKennaii the Chopper (Demonspawn Fighter)          Turns: 2749, Time: 00:05:59

Health: -3/48      AC:  8    Str: 19    XL:     6   Next: 2%
Magic:  6/6        EV:  7    Int:  9    God:
Gold:   137        SH:  9    Dex: 12    Spells: 5/5 levels left

rFire    . . .     SeeInvis .   a - +0 war axe
rCold    . . .     Gourm    .   c - +0 shield
rNeg     . . .     Faith    .   b - +0 scale mail
rPois    .         Spirit   .   (helmet restricted)
rElec    .         Reflect  .   (no cloak)
rCorr    .         Harm     .   (no gloves)
MR       .....                  (no boots)
Stlth    ..........             (no amulet)
HPRegen  0.16/turn              (no ring)
MPRegen  0.10/turn              (no ring)

@: lethally poisoned (-3 -> -5)
A: antennae 2, iridescent scales 1, powered by pain 2
a: no special abilities


You were on level 3 of the Dungeon.
You were not hungry.

You visited 1 branch of the dungeon, and saw 4 of its levels.

You collected 137 gold pieces.

Inventory:

Hand Weapons
 a - a +0 war axe (weapon)
Armour
 b - a +0 scale mail (worn)
 c - a +0 shield (worn)
Scrolls
 e - 8 scrolls of identify {unknown}
 g - 2 scrolls of fear {unknown}
 j - a scroll of enchant weapon {unknown}
 k - a scroll of remove curse {unknown}
 m - a scroll of magic mapping {unknown}
 o - a scroll of random uselessness {unknown}
 p - a scroll of immolation {unknown}
 q - a scroll of blinking {unknown}
 r - 2 scrolls of teleportation {unknown}
Potions
 d - a potion of might
 h - a potion of curing
 s - a potion of ambrosia {unknown}
 t - a potion of lignification {unknown}
Comestibles
 f - 6 rations
 i - 2 chunks of flesh


   Skills:
 + Level 3.7 Fighting
 * Level 4.3 Axes
 + Level 3.3 Armour
 + Level 0.7 Dodging
 + Level 3.4 Shields


You had 5 spell levels left.
You didn't know any spells.
Your spell library was empty.

Dungeon Overview and Level Annotations

Branches:
Dungeon (4/15)
 Temple: D:4-7

Altars:

Annotations:
D:4 Dowan, Duvessa, Eustachio


Innate Abilities, Weirdness & Mutations

You have a pair of antennae on your head.
You are partially covered in iridescent scales. (AC +2)
You sometimes gain power by taking damage.


Message History

A puff of flame appears from out of thin air!
The puff of flame hits you.
* * * LOW HITPOINT WARNING * * *
You barely miss something.
You hear some strange, mumbled words.
A puff of flame appears from out of thin air!
The puff of flame hits you.
* * * LOW HITPOINT WARNING * * *
Something hits you.
* * * LOW HITPOINT WARNING * * *
You miss something.
You feel sick.
Something hits you but does no damage. x2
Unknown command.
You hit something but do no damage. Something hits you.
* * * LOW HITPOINT WARNING * * *
Unknown command.
You closely miss something.
You hear some strange, mumbled words.
A puff of flame appears from out of thin air!
The puff of flame hits you!
You die...

#########
#.......########
#..............#
#####..............#
...................#
...................#
.###.........).....#
##..............@..#
#..##..........{...#
..##########.......###
##### #####.......#
....# ####.# #.......#
....###....###.<.....#
......†.#####....#.###
##...#### ##.#..#.#
....## ###....##.#


There were no monsters in sight!

Vanquished Creatures
  An orc wizard (D:3)
  Jessica (D:2)
  A worker ant (D:2)
  A hound skeleton (D:3)
  4 gnolls (D:2)
  6 adders
  2 oozes
  4 worms
  4 dart slugs
  2 leopard geckos
  3 orcs
  8 goblins
  5 hobgoblins
  6 kobolds
  A ball python (D:3)
  11 bats
  7 frilled lizards
  2 rats
69 creatures vanquished.

Notes
Turn   | Place    | Note
-------+----------+-------------------------------------------
     0 | D:1      | McKennaii the Demonspawn Fighter began the quest for the
                  | Orb.
     0 | D:1      | Reached XP level 1. HP: 18/18 MP: 1/1
     1 | D:1      | Noticed an electric eel
    46 | D:1      | Gained mutation: You sometimes gain a little power by
                  | taking damage. [demonic ancestry]
    46 | D:1      | Reached XP level 2. HP: 21/24 MP: 2/2
   102 | D:1      | Reached skill level 2 in Axes
   477 | D:1      | Gained mutation: You are partially covered in iridescent
                  | scales. (AC +2) [demonic ancestry]
   477 | D:1      | Reached XP level 3. HP: 28/29 MP: 3/3
   699 | D:2      | Gained mutation: You have a pair of small antennae on your
                  | head. [demonic ancestry]
   699 | D:2      | Reached XP level 4. HP: 24/35 MP: 4/4
   777 | D:2      | Reached skill level 3 in Axes
   800 | D:2      | Noticed Jessica
   813 | D:2      | Killed Jessica
  1100 | D:1      | Gained mutation: You have a pair of antennae on your head.
                  | [demonic ancestry]
  1100 | D:1      | Reached XP level 5. HP: 28/41 MP: 5/5
  1859 | D:2      | Found a faded altar of an unknown god.
  2001 | D:3      | Reached skill level 4 in Axes
  2492 | D:4      | Noticed Duvessa
  2492 | D:4      | Noticed Dowan
  2574 | D:4      | Noticed Eustachio
  2733 | D:4      | Gained mutation: You sometimes gain power by taking damage.
                  | [demonic ancestry]
  2733 | D:4      | Reached XP level 6. HP: 38/48 MP: 6/6
  2749 | D:3      | Killed from afar by an orc wizard

Levels and vault maps discovered:
D:1:      arrival_aquarium_a, layout_basic
D:2:      layout_basic, chequers_ecumenical_altar_simple_redux, uniq_jessica
D:3:      minmay_wonky_spiral, layout_rooms
D:4:      layout_basic, first_ration, uniq_eustachio, uniq_duvessa

Skill      XL: |  1  2  3  4  5 |
---------------+----------------+-----
Shields        | 3 |  3.4
Axes           | 2 3 4 |  4.3
Armour         | 3 |  3.3
Fighting       | |  3.7
Dodging        | |  0.7

Action                   |  1- 3 |  4- 6 || total
-------------------------+-------+-------++-------
Melee: War axe           |    88 |   162 ||   250
  Use: Potion            |       |     4 ||     4
  Eat: Chunk             |       |     6 ||     6
Armor: Scale mail        |    57 |   106 ||   163
Dodge: Dodged            |    34 |    69 ||   103
Block: Shield            |    53 |    89 ||   142
